AoeStats
← 黑色的广告

Arena

509377137Analyzed
1v1 RM · 4d ago on Sep 26, 2026· 38m 1s· 2 players
Game mode
Random Map
Map size
Tiny (2 player)
Population
200
Speed
Normal
Resources
Standard
Victory
Conquest
Starting age
Dark Age
Ending age
Imperial Age
RankedLock teamsTeams togetherTeam positionsShared explorationLock speedFull tech treeHidden civsTurbo modeCheats
Victory
Defeat
🇨🇳 Gurjaras · China
918
+15
🇺🇸 Chinese · United States
892
-15
Gaboto94
0:41 Loom
11:41 Feudal Age
12:59 Wheelbarrow
12:07 Horse Collar
12:19 Double-Bit Axe
15:28 Gold Mining
17:04 Town Watch
20:05 Castle Age
19:34 Forging
19:24 Scale Mail Armor
19:16 Fletching
20:05 Padded Archer Armor
21:11 Hand Cart
21:12 Bow Saw
20:30 Pikeman
20:34 Crossbowman
22:45 Heavy Plow
24:56 Town Patrol
26:13 Bodkin Arrow
26:33 Chain Mail Armor
26:58 Squires
29:20 Gold Shaft Mining
30:03 Iron Casting
29:45 Leather Archer Armor
29:35 Scale Barding Armor
32:01 Stone Mining
33:05 Chain Barding Armor
33:06 Thumb Ring
34:31 Murder Holes
38:35 Imperial Age
35:32 Man-at-Arms
36:15 Arson
黑色的广告
1:56 Loom
10:41 Feudal Age
14:26 Castle Age
12:36 Double-Bit Axe
16:25 Horse Collar
17:51 Bow Saw
20:27 Loom
22:04 Wheelbarrow
22:19 Fletching
23:57 Bodkin Arrow
24:27 Gold Mining
24:28 Stone Mining
29:06 Imperial Age
28:05 Gold Shaft Mining
28:56 Hand Cart
29:10 Thumb Ring
29:13 Padded Archer Armor
29:21 Scale Barding Armor
29:27 Forging
30:13 Conscription
30:08 Heavy Plow
31:02 Ballistics
31:43 Chemistry
32:02 Town Watch
33:23 Elite Elephant Archer
34:40 Bloodlines
34:31 Husbandry
35:42 Leather Archer Armor
35:40 Masonry
35:46 Bracer
36:05 Leather Archer Armor
36:57 Heavy Camel Rider
Connection lost

Rejoining the realm…

Still unreachable

The connection could not be restored.

Session expired

The server has moved on; the page needs a fresh start.